 Dungeon Crawl Stone Soup version 0.31-a0-145-g046c7d2549 (webtiles) character file.

Game seed: 11717512795188355528

569 hikkokomori the Sneak (level 6, -3/50 HPs)
             Began as a Demigod Earth Elementalist on June 5, 2023.
             Slain by an ogre
             ... wielding a +0 giant spiked club
              (25 damage)
             ... on level 5 of the Dungeon.
             The game lasted 00:09:14 (5729 turns).

hikkokomori the Sneak (Demigod Earth Elementalist)  Turns: 5729, Time: 00:09:15

Health: -3/50      AC:  4    Str: 13    XL:     6   Next: 86%
Magic:  8/13       EV: 12    Int: 21    God:
Gold:   372        SH:  0    Dex: 14    Spells: 6/10 levels left

rFire   . . .        v - +1 mace
rCold   . . .        (no shield)
rNeg    + . .        a - +0 robe
rPois   .            m - +0 helmet
rElec   .            t - +0 cloak
rCorr   .            (no gloves)
SInv    .            (no boots)
Will    .....        (no amulet)
Stlth   +++          n - ring of positive energy
HPRegen 0.28/turn    u - ring of flight
MPRegen 0.13/turn

%: no passive effects
@: flying
A: high MP 1, forlorn, divine attributes
a: no special abilities


You were on level 5 of the Dungeon.
You visited 1 branch of the dungeon, and saw 5 of its levels.
You also visited: Sewer.

You collected 372 gold pieces.

Inventory:

Hand Weapons
 v - a +1 mace (weapon)
Armour
 a - a +0 robe (worn)
 l - a scarf of harm
 m - a +0 helmet (worn)
 t - a +0 cloak (worn)
Jewellery
 n - a ring of positive energy (left hand)
 u - a ring of flight (right hand)
Wands
 d - a wand of iceblast (6)
Scrolls
 c - 6 scrolls of teleportation
 f - a scroll of fear
 h - a scroll of amnesia {unknown}
 p - a scroll of immolation
 r - 2 scrolls of blinking
Potions
 b - a potion of magic
 e - a potion of mutation {unknown}
 g - 3 potions of curing {unknown}
 i - a potion of might
 j - a potion of heal wounds
 k - a potion of lignification {unknown}
 q - 7 potions of enlightenment


   Skills:
 + Level 2.9 Fighting
 - Level 1.7 Dodging
 + Level 4.2 Stealth
 + Level 2.9 Spellcasting
 + Level 2.4 Conjurations
 - Level 0.8 Transmutations
 + Level 4.1 Earth Magic


You had 6 spell levels left.
You knew the following spells:

 Your Spells              Type           Power      Damage    Failure   Level
a - Sandblast             Erth           40%        2d10      2%          1
b - Stone Arrow           Conj/Erth      32%        3d9       11%         3

Your spell library contained the following spells:

 Spells                   Type           Power      Damage    Failure   Level
 Passwall                 Tmut/Erth      10%        N/A       8%          2
 Petrify                  Tmut/Erth      13%        N/A       43%         4


Dungeon Overview and Level Annotations

Branches:
Dungeon (5/15)             Temple (0/1) D:5           Sewer (visited)


Innate Abilities, Weirdness & Mutations

You have an increased reservoir of magic. (+10% MP)
You shall have no god before yourself.
Your divine heritage dramatically boosts your attributes as you level up.


Message History

A black bear is nearby!
A black bear is nearby!
The black bear growls angrily.
An ogre comes into view. It is wielding a +0 giant spiked club.
The blast of sand hits the black bear!
The black bear is heavily wounded.
The blast of sand hits the black bear!
The black bear is almost dead.
The black bear goes berserk!
The blast of sand hits the black bear.
The black bear is almost dead.
The black bear closely misses you. The black bear barely misses you.
The black bear claws you.
The blast of sand hits the black bear but does no damage.
The black bear is almost dead.
The black bear bites you! The black bear barely misses you.
The black bear misses you. The black bear barely misses you.
The black bear completely misses you. The black bear claws you.
The black bear bites you! The black bear closely misses you.
The black bear claws you.
Casting: Sandblast (safe; 2% risk of failure)
Confirm with . or Enter, or press ? or * to list all spells.
Aiming: Sandblast (safe; 2% risk of failure)
Press: ? - help, Shift-Dir - straight line, f/p - black bear
Aim: a black bear (almost dead, berserk, 87% to hit)
The blast of sand hits the black bear!
You kill the black bear!
The ogre closely misses you.
Unknown command.
Unknown command.
Casting: Sandblast (safe; 2% risk of failure)
Confirm with . or Enter, or press ? or * to list all spells.
Aiming: Sandblast (safe; 2% risk of failure)
Press: ? - help, Shift-Dir - straight line, f - ogre
Aim: an ogre, wielding a +0 giant spiked club (92% to hit)
The blast of sand hits the ogre!
The ogre is moderately wounded.
The ogre hits you with a +0 giant spiked club!!
Ouch! That really hurt!
You die...

.........###.#
.#.........#.#######
#.##.....(.......[# #.
#..............#
#.##..............#
#.................#
.######...............#
.........O............<..#
..#. ###.@..............# ##
...##..................#
..).....)................#
#..#.###......#..........#
###.##.##....##.#....#.#...#
.........................###
#.........####.###)#.###
#.........# #..# #)#.#
####.........###..###.#.#


You could see an ogre.

Vanquished Creatures
  A black bear (D:5)
  A gnoll bouda (D:5)
  A hound (D:4)
  A jelly (D:5)
  2 sleepcaps (D:5)
  An iguana (D:4)
  3 gnolls (D:5)
  5 river rats (Sewer)
  10 adders
  A white imp (D:5)
  A worm (D:2)
  6 dart slugs
  11 orcs
  6 ball pythons
  13 endoplasms
  11 giant cockroaches
  5 goblins
  5 hobgoblins
  5 jackals
  10 kobolds
  5 quokkas
  8 bats
  6 frilled lizards
  5 rats
123 creatures vanquished.

Notes
Turn   | Place    | Note
-------+----------+-------------------------------------------
     0 | D:1      | hikkokomori the Demigod Earth Elementalist began the quest
                  | for the Orb.
     0 | D:1      | Reached XP level 1. HP: 14/14 MP: 5/5
   463 | D:1      | Reached XP level 2. HP: 22/22 MP: 5/7
   808 | D:1      | Reached skill level 1 in Fighting
  1350 | D:2      | Reached XP level 3. HP: 25/28 MP: 5/8
  1354 | D:2      | Learned a level 3 spell: Stone Arrow
  2419 | D:3      | Reached XP level 4. HP: 35/35 MP: 7/9
  3532 | D:4      | Reached skill level 1 in Conjurations
  3582 | D:4      | Found a glowing drain.
  3591 | Sewer    | Entered a sewer
  3904 | Sewer    | Reached XP level 5. HP: 40/41 MP: 8/11
  5162 | D:5      | Entered Level 5 of the Dungeon
  5177 | D:5      | Reached XP level 6. HP: 50/50 MP: 8/12
  5331 | D:5      | Found a staircase to the Ecumenical Temple.
  5729 | D:5      | Slain by an ogre

Illustrated notes

Levels and vault maps discovered:
D:1:      roderic_crossed_star, layout_basic,
          hellmonk_ecumenical_altar_inner_sanctum
D:2:      layout_loops_ring, basic_altar
D:3:      layout_basic
D:4:      layout_gridville, gup_sewer_entry_pipe
D:5:      layout_rooms, minmay_temple_entry_trees

Skill      XL: |  1  2  3  4  5  6 |
---------------+-------------------+-----
Stealth        | 2 3 4 |  4.2
Earth Magic    | 3 4 |  4.1
Fighting       | 1 2 |  2.9
Spellcasting   | 2 |  2.9
Conjurations   | 1 2 |  2.4
Dodging        | |  1.7
Transmutations | |  0.8

Action                     |  1- 3 |  4- 6 || total
---------------------------+-------+-------++-------
  Melee: Unarmed           |     9 |     1 ||    10
         Mace              |       |    26 ||    26
         Punch             |       |     1 ||     1
   Cast: Sandblast         |    80 |   145 ||   225
    Use: Scroll            |       |    11 ||    11
 Armour: Robe              |     8 |    36 ||    44
  Dodge: Dodged            |    31 |   125 ||   156

Table legend: (Time is in decaauts)
 A = Elapsed time spent in this place.
 B = Non-inter-level travel time spent in this place.
 C = Inter-level travel time spent in this place.
 D = Time resting spent in this place.
 E = Time spent auto-exploring this place.
 F = Levels seen in this place.
 G = Mean time per level.
                   A        B        C        D        E       F      G
               +--------+--------+--------+--------+--------+-----+--------+
         Total |   6015 |   5913 |    102 |    280 |   4715 |   6 | 1002.5 |
       Dungeon |   4852 |   4750 |    102 |    123 |   3922 |   5 |  970.4 |
         Sewer |   1162 |   1162 |      0 |    157 |    793 |   1 | 1162.0 |
               +--------+--------+--------+--------+--------+-----+--------+

Top non-repeatable levels by time:
     D:1: 1237 daAuts
   Sewer: 1162 daAuts
     D:4: 1142 daAuts
     D:3: 1077 daAuts
     D:2: 923 daAuts
     D:5: 471 daAuts
